 Dungeon Crawl Stone Soup version 0.28.0-43-g3370ac3207 (webtiles) character file.

Game seed: 14138582822659830024

371 uselesstheremin the Ruffian (level 6, -3/59 HPs)
             Began as a Troll Berserker on Mar 3, 2022.
             Was a Believer of Trog.
             Slain by boopmooplesden's ghost (6 damage)
             ... on level 4 of the Dungeon.
             The game lasted 00:10:15 (2370 turns).

uselesstheremin the Ruffian (Troll Berserker)       Turns: 2370, Time: 00:10:18

Health: -3/59      AC:  4    Str: 28    XL:     6   Next: 42%
Magic:  5/5        EV: 10    Int:  3    God:    Trog [**....]
Gold:   132        SH:  0    Dex:  9    Spells: 5/5 levels left

rFire   . . .      SeeInvis .     - Unarmed
rCold   . . .      Faith    .   (no shield)
rNeg    . . .      Spirit   .   a - +0 animal skin
rPois   .          Reflect  .   (helmet restricted)
rElec   .          Harm     .   (no cloak)
rCorr   .          Rampage  .   (gloves unavailable)
Will    ++...                   (boots unavailable)
Stlth   +.........              (no amulet)
HPRegen 1.99/turn               (no ring)
MPRegen 0.09/turn               (no ring)

@: strong-willed, on berserk cooldown, regenerating, slowed, very slow
A: large, unfitting armour, claws 3, regeneration 1, shaggy fur 1, tough skin 1
a: Renounce Religion, Berserk, Trog's Hand


You were on level 4 of the Dungeon.
You worshipped Trog.
Trog was pleased with you.
You visited 1 branch of the dungeon, and saw 4 of its levels.

You collected 132 gold pieces.

Inventory:

Armour
 a - a +0 animal skin (worn)
 d - a +0 robe
Scrolls
 b - a scroll of blinking
 c - a scroll of magic mapping
 h - 5 scrolls of identify
 i - a scroll of noise {unknown}
 k - a scroll of teleportation {unknown}
 m - a scroll of enchant weapon
Potions
 e - 7 potions of curing
 g - a potion of resistance


   Skills:
 * Level 2.9 Fighting
 + Level 3.2 Dodging
 + Level 0.8 Stealth
 * Level 6.2 Unarmed Combat


You had 5 spell levels left.
You didn't know any spells.
Your spell library was empty.

Dungeon Overview and Level Annotations

Branches:
Dungeon (4/15)
 Temple: D:4-7

Altars:

Annotations:
D:4 boopmooplesden's ghost, amateur MiGl


Innate Abilities, Weirdness & Mutations

You are too large for most types of armour.
You have claws for hands.
Your natural rate of healing is unusually fast.
You are covered in fur. (AC +1)
You have tough skin. (AC +1)


Message History

Boopmooplesden's ghost hits you!
* * * LOW HITPOINT WARNING * * *
The hound simulacrum bites you but does no damage.
You scratch the hound simulacrum.
The hound simulacrum is lightly damaged.
The hound simulacrum closely misses you.
Boopmooplesden's ghost closely misses you.
The hound simulacrum bites you. The hound simulacrum freezes you.
* * * LOW HITPOINT WARNING * * *
Boopmooplesden's ghost hits you.
* * * LOW HITPOINT WARNING * * *
The hound simulacrum bites you.
* * * LOW HITPOINT WARNING * * *
The hound simulacrum freezes you!
* * * LOW HITPOINT WARNING * * *
Your skin crawls.
You feel strong-willed.
The adder simulacrum bites you but does no damage.
Boopmooplesden's ghost whispers, "It is all a dream - a grotesque and foolish dream."
Boopmooplesden's ghost hits you.
* * * LOW HITPOINT WARNING * * *
You writhe in agony.
* * * LOW HITPOINT WARNING * * *
Boopmooplesden's ghost hits you.
* * * LOW HITPOINT WARNING * * *
The adder simulacrum bites you but does no damage.
Boopmooplesden's ghost hits you but does no damage.
You writhe in agony.
* * * LOW HITPOINT WARNING * * *
The adder simulacrum bites you.
* * * LOW HITPOINT WARNING * * *
The adder simulacrum freezes you.
* * * LOW HITPOINT WARNING * * *
The hound simulacrum bites you but does no damage.
Boopmooplesden's ghost hits you.
* * * LOW HITPOINT WARNING * * *
You writhe in agony.
* * * LOW HITPOINT WARNING * * *
The hound simulacrum barely misses you. Boopmooplesden's ghost hits you.
You die...

# #..##
.ZYZ.....#......... # #..#
...WZ###..##........ #
##.##..#...). #..#........
. #..#..#...=..
#..#........ .
##.#..##.....##..#.##.####
. .#...## ##..##.# .#
.##....####ZZ.#..# .#
#........WZ##.##
#.......@.#..###.#
##.......##......#
...###'''###..######
#...........##
####.##.##...# #....##...#
####......# ###....#
......


You could see boopmooplesden's ghost, an adder simulacrum, a quokka simulacrum
and a hound simulacrum.

Vanquished Creatures
  An ice beast (D:4)
  A phantom (D:4)
  A scorpion (D:4)
  An iguana (D:4)
  6 adders
  2 white imps
  A worm (D:3)
  4 dart slugs
  4 ball pythons
  6 endoplasms
  2 giant cockroaches
  A hobgoblin (D:3)
  3 quokkas
  3 bats
  A frilled lizard (D:1)
  3 goblins
  8 kobolds
  4 rats
  A spectral hobgoblin (D:2)
53 creatures vanquished.

Notes
Turn   | Place    | Note
-------+----------+-------------------------------------------
     0 | D:1      | uselesstheremin the Troll Berserker began the quest for the
                  | Orb.
     0 | D:1      | Reached XP level 1. HP: 22/22 MP: 0/0
   126 | D:1      | Reached XP level 2. HP: 23/29 MP: 1/1
   702 | D:2      | Reached XP level 3. HP: 36/36 MP: 2/2
   825 | D:2      | Found a faded altar of an unknown god.
   853 | D:2      | Reached ** piety under Trog
  1057 | D:2      | Reached skill level 4 in Unarmed Combat
  1767 | D:3      | Reached XP level 4. HP: 37/44 MP: 3/3
  2181 | D:4      | Noticed a phantom
  2194 | D:4      | Killed a phantom
  2195 | D:4      | Reached skill level 5 in Unarmed Combat
  2195 | D:4      | Reached XP level 5. HP: 46/50 MP: 4/4
  2259 | D:4      | Noticed an ice beast
  2259 | D:4      | Noticed boopmooplesden's ghost (amateur MiGl)
  2271 | D:4      | Reached XP level 6. HP: 59/59 MP: 5/5
  2297 | D:4      | Found a runed translucent gate.
  2297 | D:4      | Found a runed translucent gate.
  2297 | D:4      | Found a runed translucent gate.
  2316 | D:4      | Killed an ice beast
  2317 | D:4      | Reached skill level 6 in Unarmed Combat
  2363 | D:4      | HP: 1/59 [hound simulacrum (8)]
  2370 | D:4      | Slain by boopmooplesden's ghost

Illustrated notes

Levels and vault maps discovered:
D:1:      dpeg_arrival_radiant, layout_basic, minmay_tetromino_l2
D:2:      layout_basic, dreamdust_ecumenical_altar_drowned_temple
D:3:      layout_basic, hangedman_decor_growths
D:4:      layout_basic, nicolae_overflow_squiral, gammafunk_ghost_icy,
          st_stairs_7, hex_tiny, uniq_sigmund, uniq_crazy_yiuf_cottage

Skill      XL: |  1  2  3  4  5  6 |
---------------+-------------------+-----
Unarmed Combat | 4 5 6 |  6.2
Dodging        | 3 |  3.2
Fighting       | |  2.9
Stealth        | |  0.8

Action                   |  1- 3 |  4- 6 || total
-------------------------+-------+-------++-------
Melee: Unarmed           |    96 |    77 ||   173
       Punch             |     1 |     1 ||     2
Invok: Berserk           |       |     1 ||     1
       Trog's Hand       |       |     1 ||     1
  Use: Scroll            |     8 |       ||     8
       Potion            |       |     3 ||     3
 Stab: Sleeping          |     3 |     1 ||     4
Armor: Robe              |    26 |       ||    26
       Animal skin       |     4 |    37 ||    41
Dodge: Dodged            |    32 |    35 ||    67
